 Dungeon Crawl Stone Soup version 0.28-a0-909-g796cbd3a86 (webtiles) character file.

Game seed: 6596853863787839475

44 bjtr the Vexing (level 3, -1/26 HPs)
             Began as a Formicid Arcane Marksman on Nov 24, 2021.
             Killed from afar by a dart slug (4 damage)
             ... with a slug dart
             ... on level 3 of the Dungeon.
             The game lasted 00:11:04 (2650 turns).

bjtr the Vexing (Formicid Arcane Marksman)          Turns: 2650, Time: 00:11:04

Health: -1/26      AC:  6    Str: 14    XL:     3   Next: 85%
Magic:  5/5        EV:  7    Int: 13    God:
Gold:   77         SH:  0    Dex: 11    Spells: 4/5 levels left

rFire   . . .      SeeInvis +   b - +0 mace
rCold   . . .      Faith    .   (no shield)
rNeg    . . .      Spirit   .   l - +0 ring mail
rPois   .          Reflect  .   (helmet unavailable)
rElec   .          Harm     .   (no cloak)
rCorr   .          Rampage  .   (no gloves)
Will    .....                   h - +0 pair of boots
Stlth   +.........              (no amulet)
HPRegen 0.08/turn               (no ring)
MPRegen 0.09/turn               (no ring)

@: mighty, constricted
A: permanent stasis, dig shafts and tunnels, antennae 3, four strong arms
a: Dig, Shaft Self


You were on level 3 of the Dungeon.
You visited 1 branch of the dungeon, and saw 3 of its levels.

You collected 77 gold pieces.

Inventory:

Hand Weapons
 a - a +0 hand crossbow
 b - a +0 mace (weapon)
 j - a +0 spear
Missiles
 c - 15 bolts
 e - 3 boomerangs (quivered)
Armour
 d - a +0 robe
 h - a +0 pair of boots (worn)
 k - a +0 scale mail
 l - a +0 ring mail (worn)
Scrolls
 i - a scroll of identify
Potions
 f - 2 potions of might


   Skills:
 + Level 1.1 Fighting
 * Level 2.5 Crossbows
 * Level 0.4 Armour
 + Level 1.7 Dodging
 * Level 0.8 Shields
 * Level 1.6 Spellcasting
 * Level 4.5 Hexes


You had 4 spell levels left.
You knew the following spells:

 Your Spells              Type           Power      Damage    Failure   Level
a - Slow                  Hex            48%        N/A       9%          1

Your spell library contained the following spells:

 Spells                   Type           Power      Damage    Failure   Level
 Ensorcelled Hibernation  Hex/Ice        12%        N/A       32%         2
 Inner Flame              Hex/Fire       6%         N/A       54%         3
 Portal Projectile        Hex/Tloc       12%        N/A       54%         3
 Cause Fear               Hex            6%         N/A       63%         4
 Frozen Ramparts          Ice            2%         1d2       86%         3
 Spider Form              Tmut/Pois      1%         N/A       86%         3
 Ice Form                 Ice/Tmut       1%         N/A       99%         4
 Summon Ice Beast         Ice/Summ       1%         N/A       99%         4


Dungeon Overview and Level Annotations

Branches:
Dungeon (3/15)

Altars:


Innate Abilities, Weirdness & Mutations

You cannot be hasted, slowed, berserked, paralysed or teleported.
You can dig through walls and to a lower floor.
You have a pair of large antennae on your head. (SInv)
Your four strong arms can wield two-handed weapons with a shield.


Message History

The ball python barely misses you. x2
The dart slug launches a dart at you. The slug dart hits you.
You enter the shallow water.
Moving in this stuff is going to be slow.
The dart slug launches a dart at you. The slug dart hits you.
The ball python bites you. The ball python grabs you.
The ball python constricts you.
You hit the dart slug.
The dart slug is moderately wounded.
The ball python closely misses you. The ball python constricts you.
The dart slug launches a dart at you. The slug dart misses you.
You feel very mighty all of a sudden.
The ball python bites you but does no damage.
The ball python constricts you.
The dart slug bites you but does no damage.
You barely miss the dart slug.
The dart slug is moderately wounded.
The ball python bites you but does no damage.
The ball python constricts you. The ball python completely misses you.
The ball python constricts you. The dart slug launches a dart at you.
The slug dart hits you.
* * * LOW HITPOINT WARNING * * *
The dart slug launches a dart at you. The slug dart misses you.
The dart slug launches a dart at you. The slug dart hits you.
* * * LOW HITPOINT WARNING * * *
Okay, then.
Okay, then.
Okay, then.
You can't shaft yourself on this terrain.
You escape the ball python's grasp.
The ball python bites you but does no damage.
The ball python grabs you. The ball python constricts you.
The dart slug launches a dart at you. The slug dart hits you.
You die...

#≈≈#≈≈≈..≈≈≈≈≈≈
≈≈≈≈≈≈≈(≈≈≈≈≈≈w
≈≈≈≈≈≈...≈≈≈#≈≈
.≈≈≈≈≈≈⌠<.≈≈≈≈#≈
≈≈≈≈w≈≈.$.≈≈≈≈≈≈
≈≈≈≈≈≈≈≈.≈≈≈≈w≈≈
.≈w≈≈≈≈≈.#≈≈≈≈≈≈
..≈#≈##..≈.≈≈#≈.
##≈≈≈≈S@.≈≈≈≈≈#
#≈≈≈≈≈≈≈≈≈w###
##w#≈≈w≈#≈.#
#.##≈≈.≈≈##.#
... ###........
### ########.


You could see 6 dart slugs and a ball python.

Vanquished Creatures
  An adder (D:2)
  An orc (D:2)
  3 bats
  6 endoplasms
  A giant cockroach (D:2)
  2 goblins
  4 hobgoblins
  3 ball pythons
  5 frilled lizards
  6 rats
32 creatures vanquished.

Notes
Turn   | Place    | Note
-------+----------+-------------------------------------------
     0 | D:1      | bjtr the Formicid Arcane Marksman began the quest for the
                  | Orb.
     0 | D:1      | Reached XP level 1. HP: 15/15 MP: 2/2
   148 | D:1      | Reached skill level 4 in Hexes
   174 | D:1      | Reached XP level 2. HP: 21/21 MP: 3/3
   308 | D:1      | Found a faded altar of an unknown god.
  1484 | D:2      | Reached XP level 3. HP: 18/26 MP: 1/5
  2650 | D:3      | Killed from afar by a dart slug

Illustrated notes

Levels and vault maps discovered:
D:1:      amcnicky_arrival_choice, layout_basic,
          hellmonk_ecumenical_altar_zigzags, minmay_tromino_v4_a
D:2:      layout_basic
D:3:      kennysheep_slugbush, layout_basic

Skill      XL: |  1 |
---------------+----+-----
Hexes          | 4 |  4.5
Fighting       | |  1.1
Crossbows      | |  2.5
Armour         | |  0.4
Dodging        | |  1.7
Shields        | |  0.8
Spellcasting   | |  1.6

Action                   || total
-------------------------++-------
Melee: Mace              ||    18
       Spear             ||    16
 Fire: Hand crossbow     ||    47
 Cast: Slow              ||    21
  Use: Scroll            ||     2
       Potion            ||     1
Armor: Ring mail         ||    16
       Robe              ||    11
Dodge: Dodged            ||    35

Table legend: (Time is in decaauts)
 A = Elapsed time spent in this place.
 B = Non-inter-level travel time spent in this place.
 C = Inter-level travel time spent in this place.
 D = Time resting spent in this place.
 E = Time spent auto-exploring this place.
 F = Levels seen in this place.
 G = Mean time per level.
                   A        B        C        D        E       F      G
               +--------+--------+--------+--------+--------+-----+--------+
         Total |   2675 |   2604 |     71 |    566 |   1572 |   3 |  891.7 |
       Dungeon |   2675 |   2604 |     71 |    566 |   1572 |   3 |  891.7 |
               +--------+--------+--------+--------+--------+-----+--------+

Top non-repeatable levels by time:
     D:1: 1369 daAuts
     D:2: 1293 daAuts
     D:3: 12 daAuts
